Map: Port Aleksander LE

Players

HeroMarine

  • Race: Terran Terran
  • League: Master
  • Spawn Location: 11:00

Lambo - Winner!

  • Race: Zerg Zerg
  • League: Grandmaster
  • Spawn Location: 5:00

Event: 2019 WCS Winter Europe

VOD

Have the link to the VOD?

Description

Time

  • Played on: Feb. 15, 2019, 11:23 a.m.
  • Length: 5:25

All games in this series

Show
View Real Time Build Order
Export as new Build Order

HeroMarine Terran 

Build Orders: Reaper Expand, Hellion Banshee 

Get SALT Encoding   

  12  0:00  SCV  
  13  0:12  SCV  
  14  0:18  Supply Depot  
  14  0:25  SCV  
  15  0:40  SCV  
  15  0:41  Barracks  
  16  0:44  Refinery  
  16  0:52  SCV  
  17  1:04  SCV  
  18  1:16  SCV  
  19  1:28  Reaper  
  19  1:29  Orbital Command  
  20  1:42  Command Center  
  20  1:52  Supply Depot  
  20  1:54  SCV  
  20  2:00  Marine  
  22  2:06  SCV  
  23  2:09  Factory  
  23  2:15  Refinery  
  23  2:19  SCV  
  24  2:23  Barracks Reactor  
  24  2:31  SCV  
  25  2:43  SCV  
  26  2:55  SCV  
  27  2:59  Starport  
  27  3:00  Orbital Command  
  27  3:05  Hellion x2, Barracks Tech Lab  
  31  3:07  SCV  
  32  3:19  SCV  
  33  3:26  SCV, Hellion x2, Supply Depot  
  38  3:31  SCV  
  39  3:37  Marine  
  39  3:38  SCV  
  41  3:43  SCV  
  41  3:45  Banshee, Cloaking Field  
  45  3:50  SCV  
  45  3:52  Hellion  
  45  3:53  Hellion  
  50  3:58  SCV  
  50  4:01  Supply Depot  
  50  4:02  SCV  
  54  4:18  Barracks Tech Lab  
  54  4:19  Hellion  
  54  4:23  Hellion  
  56  4:25  SCV x2  
  56  4:28  Banshee  
  61  4:37  Marauder, SCV  
  53  4:40  Hellion  
  53  4:43  SCV  
  53  4:44  Hellion  
  43  4:51  SCV  
  40  4:55  SCV  
  39  5:04  SCV  
Show
View Real Time Build Order
Export as new Build Order

Lambo Zerg - Winner!

Build Orders: Hatch First, Roach Nydus 

Get SALT Encoding   

  12  0:00  Drone  
  13  0:13  Overlord  
  13  0:17  Drone  
  14  0:31  Drone x2  
  16  0:49  Hatchery  
  15  0:52  Drone  
  15  0:56  Drone  
  17  0:59  Drone  
  18  1:10  Extractor  
  17  1:14  Spawning Pool  
  16  1:18  Drone  
  16  1:21  Drone  
  18  1:29  Drone  
  19  1:39  Drone  
  20  1:50  Drone  
  21  2:01  Queen x2  
  21  2:02  Zergling x4  
  27  2:16  Hatchery  
  27  2:21  Overlord  
  26  2:23  Drone  
  27  2:30  Drone  
  28  2:40  Lair  
  28  2:43  Extractor  
  27  2:44  Drone x2  
  27  2:45  Drone  
  27  2:47  Drone  
  31  2:54  Drone  
  31  2:56  Overlord  
  32  3:00  Drone  
  33  3:09  Queen  
  33  3:12  Drone  
  36  3:17  Roach Warren  
  35  3:20  Drone  
  35  3:22  Drone  
  37  3:38  Nydus Network  
  37  3:39  Queen  
  38  3:42  Overlord  
  38  4:00  Roach x5  
  48  4:04  Roach  
  48  4:07  Roach  
  52  4:15  Nydus Canal  
  52  4:20  Roach x2  
  52  4:23  Roach  
  54  4:38  Roach  
  54  4:40  Roach  
  54  4:41  Roach  
  54  4:42  Queen  
  54  4:48  Roach x2  
  56  4:54  Roach  
  56  4:56  Spore Crawler  
  57  5:01  Spore Crawler  
  57  5:02  Roach  
  57  5:06  Roach  
Tags
 
Add a new tag
Caveats
  • Supply blocks, unpowered buildings, or Contaminate may cause inaccurate times.
  • Supply counts are checked every 10 seconds.